 Dungeon Crawl Stone Soup version 0.23.0 (webtiles) character file.

Game seed: 5571586670883474983

142 poirepourri the Chopper (level 5, 0/45 HPs)
             Began as a Minotaur Fighter on Feb 16, 2019.
             Slain by an orc (2 damage)
             ... on level 3 of the Dungeon.
             The game lasted 00:01:26 (1795 turns).

poirepourri the Chopper (Minotaur Fighter)          Turns: 1795, Time: 00:01:27

Health: 0/45       AC:  6    Str: 26    XL:     5   Next: 3%
Magic:  4/4        EV:  7    Int:  5    God:
Gold:   152        SH: 10    Dex: 10    Spells: 4/4 levels left

rFire    . . .     SeeInvis .   a - +0 war axe
rCold    . . .     Gourm    .   c - +0 shield
rNeg     . . .     Faith    .   b - +0 scale mail
rPois    .         Spirit   .   (helmet restricted)
rElec    .         Reflect  .   (no cloak)
rCorr    .         Harm     .   (no gloves)
MR       .....                  (no boots)
Stlth    ..........             (no amulet)
HPRegen  0.15/turn              (no ring)
MPRegen  0.09/turn              (no ring)

@: mighty, slowed, very slow
A: retaliatory headbutt, horns 2
a: no special abilities


You were on level 3 of the Dungeon.
You were not hungry.

You visited 1 branch of the dungeon, and saw 3 of its levels.

You collected 152 gold pieces.

Inventory:

Hand Weapons
 a - a +0 war axe (weapon)
Missiles
 k - 13 bolts
Armour
 b - a +0 scale mail (worn)
 c - a +0 shield (worn)
Wands
 l - a wand of enslavement (10)
Scrolls
 g - 2 scrolls of blinking
 h - a scroll of identify
 i - a scroll of remove curse {unknown}
 j - a scroll of fear {unknown}
Potions
 e - a potion of invisibility {unknown}
Comestibles
 f - 5 rations


   Skills:
 - Level 3.6 Fighting
 + Level 6.4 Axes
 - Level 3.6 Armour
 - Level 3.6 Shields


You had 4 spell levels left.
You didn't know any spells.
Your spell library was empty.

Dungeon Overview and Level Annotations

Branches:
Dungeon (3/15)

Altars:
Xom

Annotations:
D:3 2 transporters, Terence


Innate Abilities, Weirdness & Mutations

You reflexively headbutt those who attack you in melee.
You have a pair of horns on your head.


Message History

The orc wizard hits you but does no damage.
You block the bat's attack. The orc wizard casts a spell at you.
The magic dart hits you!
* * * LOW HITPOINT WARNING * * *
The orc hits you but does no damage.
You slash the orc!
You kill the orc!
Your Axes skill increases to level 6!
You slash the orc wizard!
You kill the orc wizard!
You have reached level 5!
You barely miss the orc. You closely miss the orc.
The bat hits you but does no damage. x2; You block the orc's attack.
The orc hits you.
* * * LOW HITPOINT WARNING * * *
The bat barely misses you. You furiously retaliate!
You headbutt the bat!
You kill the bat!
You block the orc's attack. The orc hits you.
You die...

........###.### ..#...
#.# ...... .######.#
#.....
........###########....#
......................#
....o...............#
...................†#
......o.#####.##.##.#
......o@# #†##.##.####
#.....#o).....##.......#
.......r......##.......#
...............#.......#
...............#.......#
...............#.......#
$..............#.......#
..............#.......#
#.....<.#


You could see an orc priest, 3 orcs and a rat.

Vanquished Creatures
  An orc wizard (D:3)
  4 adders
  2 oozes
  2 dart slugs (D:1)
  3 leopard geckos
  3 orcs (D:3)
  2 ball pythons
  3 giant cockroaches
  5 goblins
  5 hobgoblins
  4 jackals (D:2)
  A quokka (D:2)
  8 bats
  3 frilled lizards (D:3)
  5 kobolds
  6 rats
57 creatures vanquished.

Notes
Turn   | Place    | Note
-------+----------+-------------------------------------------
     0 | D:1      | poirepourri the Minotaur Fighter began the quest for the
                  | Orb.
     0 | D:1      | Reached XP level 1. HP: 19/19 MP: 0/0
    80 | D:1      | Reached skill level 3 in Axes
   225 | D:1      | Reached XP level 2. HP: 26/26 MP: 1/1
   290 | D:1      | Reached skill level 4 in Axes
   553 | D:2      | Reached XP level 3. HP: 30/31 MP: 2/2
   670 | D:2      | Found a shimmering altar of Xom.
   709 | D:2      | Reached skill level 5 in Axes
  1182 | D:2      | Reached XP level 4. HP: 39/39 MP: 3/3
  1360 | D:3      | Found a transporter.
  1466 | D:3      | Found a transporter.
  1475 | D:3      | Noticed Terence
  1795 | D:3      | Reached skill level 6 in Axes
  1795 | D:3      | Reached XP level 5. HP: 6/45 MP: 4/4
  1795 | D:3      | HP: 2/45 [orc (4)]
  1795 | D:3      | Slain by an orc

Skill      XL: |  1  2  3  4 |
---------------+-------------+-----
Axes           | 3 4 5 6 |  6.4
Fighting       | |  3.6
Armour         | |  3.6
Shields        | |  3.6

Action                   |  1- 3 |  4- 6 || total
-------------------------+-------+-------++-------
Melee: War axe           |    70 |    32 ||   102
       Headbutt          |    10 |     6 ||    16
  Use: Scroll            |     3 |     1 ||     4
       Potion            |       |     1 ||     1
  Eat: Ration            |       |     1 ||     1
       Chunk             |       |     1 ||     1
Armor: Scale mail        |    40 |    24 ||    64
Dodge: Dodged            |    29 |     7 ||    36
Block: Shield            |    36 |    24 ||    60
